 Dungeon Crawl Stone Soup version 0.27.1-35-g4d5d836560 (webtiles) character file.

Game seed: 11923282478726331919

6578 Delamore the Basher (level 11, -5/71 HPs)
             Began as an Octopode Brigand on May 2, 2022.
             Slain by a troll (18 damage)
             ... on level 9 of the Dungeon.
             The game lasted 00:12:16 (9028 turns).

Delamore the Basher (Octopode Brigand)              Turns: 9028, Time: 00:12:17

Health: -5/71      AC:  2    Str: 21    XL:     11   Next: 1%
Magic:  11/11      EV: 15    Int: 14    God:
Gold:   344        SH:  0    Dex: 18    Spells: 10/10 levels left

rFire    . . .     SeeInvis +   y - +8 whip of Diet Blood {speed, Str+4 Dex+6}
rCold    . . .     Faith    .   (no shield)
rNeg     . . .     Spirit   .   h - +1 hat
rPois    .         Reflect  .   (no amulet)
rElec    .         Harm     .   q - +6 ring of strength
rCorr    .         Rampage  .   x - ring of see invisible
Will     .....                  (no ring)
Stlth    +++++.....             (no ring)
HPRegen  0.00/turn              (no ring)
MPRegen  0.12/turn              (no ring)
                                (no ring)
                                (no ring)

@: on berserk cooldown, inhibited regen, slowed, very slow
A: almost no armour, amphibious, 8 rings, camouflage 1, gelatinous body 1,
(nimble swimmer 1), tentacles, [clumsy 2], [inhibited regeneration]
a: no special abilities


You were on level 9 of the Dungeon.
You visited 2 branches of the dungeon, and saw 10 of its levels.
You visited the Abyss 1 time.

You collected 344 gold pieces.

Inventory:

Hand Weapons
 a - a +2 dagger
 e - a +1 dagger of flaming
 o - a +2 whip of electrocution
 y - the +8 whip of Diet Blood (weapon) {speed, Str+4 Dex+6}
   (You found it on level 5 of the Dungeon)

   Attacks with this weapon are significantly faster.
   Str:       It affects your strength (+4).
   Dex:       It affects your dexterity (+6).
Missiles
 b - 13 poisoned darts (quivered)
 c - 2 curare-tipped darts
 j - 291 stones
 r - 3 boomerangs
 u - 17 boomerangs of dispersal
 v - 2 throwing nets
Armour
 h - a +1 hat (worn)
Jewellery
 q - a +6 ring of strength (left tentacle)
 x - a ring of see invisible (right tentacle)
Wands
 p - a wand of charming (10)
 B - a wand of iceblast (8)
 D - a wand of paralysis (9)
Scrolls
 f - 3 scrolls of amnesia
 m - a scroll of blinking
 n - 4 scrolls of teleportation
 w - 2 scrolls of brand weapon
 A - a scroll of enchant weapon
 C - a scroll of torment
 E - 2 scrolls of identify
 F - a scroll of magic mapping
Potions
 d - 2 potions of ambrosia
 g - 2 potions of berserk rage
 i - a potion of resistance
 k - 2 potions of lignification {unknown}
 l - a potion of mutation {unknown}
 s - 2 potions of degeneration {unknown}
 t - 3 potions of curing {unknown}
 z - a potion of attraction {unknown}


   Skills:
 - Level 5.0 Fighting
 - Level 5.5 Short Blades
 - Level 12.0 Maces & Flails
 + Level 5.8 Throwing
 + Level 4.3 Dodging
 + Level 8.5 Stealth


You had 10 spell levels left.
You didn't know any spells.
Your spell library contained the following spells:

 Spells                   Type           Power      Damage    Failure   Level
 Dispel Undead            Necr           0%         3d6       96%         4
 Leda's Liquefaction      Hex/Erth       0%         N/A       96%         4
 Invisibility             Hex            0%         N/A       100%        6


Dungeon Overview and Level Annotations

Branches:
Dungeon (9/15)             Temple (1/1) D:7
   Lair: D:8-11         Orc: D:9-12

Altars:
Ashenzari
Cheibriados
Dithmenos
Elyvilon
Kikubaaqudgha
Makhleb
Nemelex Xobeh
Qazlal
Ru
Sif Muna
Trog
Uskayaw
Vehumet
Wu Jian
Xom
Yredelemnul
The Shining One

Shops:
D:1 :   D:7 =

Annotations:
D:4 1 runed translucent door, Crazy Yiuf
D:7 exclusion: statue
D:9 Erolcha


Innate Abilities, Weirdness & Mutations

You cannot wear most types of armour.
You are amphibious.
You can wear up to eight rings at the same time.
Your skin changes colour to match your surroundings (Stealth+).
Your rubbery body absorbs attacks. (AC +1, EV +1)
((You are camouflaged near water. (Stealth+)))
You have tentacles for arms and can constrict up to eight enemies at once.
[You are very clumsy. (Dex -4)]
[You do not regenerate when monsters are visible.]


Message History

The large abomination is severely damaged.
You barely miss the large abomination.
The large abomination is severely damaged.
The large abomination closely misses you.
You whack the large abomination!
Your squeeze misses the large abomination.
The large abomination is almost destroyed.
You closely miss the large abomination. You squeeze the large abomination.
You destroy the large abomination!
You have reached level 11!
You feel a strong urge to attack something.
Found 22 sling bullets.
You feel your anger nearly subside.
You are no longer berserk.
You are exhausted.
You feel yourself slow down.
A large abomination comes into view.
Found a leather armour.
E - 2 scrolls of identify (gained 1)
There are no items here.
A neqoxec comes into view.
A shadow comes into view.
The shadow misses you.
Found a gateway leading out of the Abyss.
The shadow misses you.
The shadow slips into darkness.
The shadow flickers and vanishes for a moment.
The large abomination hits you! The shadow hits you.
The large abomination hits you!!
* * * LOW HITPOINT WARNING * * *
Blink to where?
Press: ? - help, Dir - move target
Found a robe.
As you read the scroll of blinking, it crumbles to dust.
You pass through the gate.
Welcome back to the Dungeon!
Level annotation: Erolcha The centaur wields a +0 shortbow.
The centaur shoots an arrow.
The arrow misses you.
The arrow hits the gnoll.
The gnoll closely misses you. The troll bites you!!
You die...

. #############.#
##....<<<....#.#
#..............#
#...#...........#
... ##.....?....#
. ##..g......##
##....@T..(...
#............#
.............##
..Og.....c.....#
................
g.g....(.......
..=....###.....
.g.....###.....
.......###.....


You could see Erolcha, a troll, a centaur, a gnoll shaman and 4 gnolls.

Vanquished Creatures
  Harold (D:7)
  A wretched star (Abyss:1)
  Pikel (D:8)
  Joseph (D:8)
  A centaur zombie (D:7)
  Maggie (D:7)
  Psyche (D:8)
  A large abomination (Abyss:1)
  Grum (D:8)
  A steam dragon (D:6)
  2 water moccasins
  A sky beast (D:7)
  3 ice beasts
  A black bear (D:6)
  4 ogres
  A necrophage (D:5)
  2 wolves (D:8)
  2 centaurs (D:5)
  2 lemures (D:8)
  2 kobold brigands
  4 bullfrogs
  Blork the orc (D:6)
  A scorpion (D:6)
  2 water moccasin zombies
  A water moccasin skeleton (D:7)
  6 killer bees (D:7)
  5 wights (D:8)
  3 howler monkeys
  2 orc priests (D:7)
  3 hounds (D:5)
  A centaur skeleton (D:7)
  A bullfrog skeleton (D:5)
  3 iguanas
  2 orc wizards
  2 hound skeletons (D:4)
  2 howler monkey zombies (D:8)
  A gnoll (D:1)
  A howler monkey skeleton (D:7)
  6 adders
  A shadow imp (D:6)
  A white imp (D:5)
  An ufetubus (D:6)
  2 worms (D:2)
  2 dart slugs
  16 orcs
  7 ball pythons
  5 bats
  5 endoplasms
  3 giant cockroaches
  8 goblins
  5 hobgoblins
  12 kobolds
  3 quokkas
  2 frilled lizards (D:1)
  4 rats
154 creatures vanquished.

Notes
Turn   | Place    | Note
-------+----------+-------------------------------------------
     0 | D:1      | Delamore the Octopode Brigand began the quest for the Orb.
     0 | D:1      | Reached XP level 1. HP: 14/14 MP: 1/1
   168 | D:1      | Reached XP level 2. HP: 18/19 MP: 2/2
   312 | D:1      | Reached XP level 3. HP: 24/24 MP: 3/3
   587 | D:1      | Found a faded altar of an unknown god.
   677 | D:1      | Found Fauraun's Book Shoppe.
  1021 | D:2      | Reached XP level 4. HP: 29/29 MP: 4/4
  2042 | D:3      | Found a bloodstained altar of Trog.
  2193 | D:3      | Found a snail-covered altar of Cheibriados.
  2638 | D:4      | Reached XP level 5. HP: 32/34 MP: 5/5
  2733 | D:4      | Found an ornate altar of the Wu Jian Council.
  2856 | D:4      | Noticed an ogre
  2859 | D:4      | Reached XP level 6. HP: 23/42 MP: 6/6
  2865 | D:4      | Reached skill level 5 in Short Blades
  3772 | D:4      | Found a runed translucent door.
  3773 | D:4      | Noticed Crazy Yiuf
  3850 | D:5      | Entered Level 5 of the Dungeon
  3891 | D:5      | Reached XP level 7. HP: 40/47 MP: 7/7
  4030 | D:5      | Identified the +8 whip of Diet Blood {speed, Str+4 Dex+6}
  4114 | D:5      | Reached skill level 1 in Maces & Flails
  4244 | D:5      | Reached skill level 2 in Maces & Flails
  4622 | D:5      | Reached skill level 3 in Maces & Flails
  4878 | D:5      | Reached skill level 4 in Maces & Flails
  4878 | D:5      | Reached XP level 8. HP: 44/54 MP: 8/8
  4988 | D:5      | Reached skill level 5 in Maces & Flails
  5271 | D:6      | Noticed Blork the orc
  5279 | D:6      | Killed Blork the orc
  5293 | D:6      | Reached skill level 6 in Maces & Flails
  5571 | D:6      | Reached skill level 7 in Maces & Flails
  5814 | D:6      | Reached skill level 8 in Maces & Flails
  5814 | D:6      | Reached XP level 9. HP: 58/58 MP: 9/9
  6046 | D:7      | Found a staircase to the Ecumenical Temple.
  6056 | Temple   | Entered the Ecumenical Temple
  6380 | D:7      | Found Toenuroo's Jewellery Emporium.
  6401 | D:7      | Reached skill level 9 in Maces & Flails
  6529 | D:7      | Noticed Harold
  6764 | D:7      | Reached skill level 10 in Maces & Flails
  6882 | D:7      | Killed Harold
  6883 | D:7      | Reached skill level 11 in Maces & Flails
  6883 | D:7      | Reached XP level 10. HP: 30/63 MP: 10/10
  7243 | D:7      | Got the Incunabulum of Ghastly Hexes
  7326 | D:7      | Noticed Maggie
  7347 | D:7      | Killed Maggie
  7631 | D:7      | Reached skill level 12 in Maces & Flails
  7740 | D:7      | Found a radiant altar of Vehumet.
  7774 | D:8      | Found a sparkling altar of Nemelex Xobeh.
  7839 | D:8      | Noticed Pikel
  7852 | D:8      | Killed Pikel
  7862 | D:8      | Noticed Psyche
  7871 | D:8      | Killed Psyche
  8009 | D:8      | Noticed Grum
  8028 | D:8      | Killed Grum
  8334 | D:8      | Noticed Joseph
  8408 | D:8      | Killed Joseph
  8409 | D:8      | Reached skill level 5 in Fighting
  8409 | D:8      | Reached skill level 5 in Throwing
  8658 | D:8      | Found a shadowy altar of Dithmenos.
  8936 | D:9      | Noticed Erolcha
  8940 | D:9      | Cast into level 1 of the Abyss (Erolcha)
  8940 | Abyss:1  | Found a corrupted altar of Lugonu.
  8980 | Abyss:1  | Noticed a wretched star
  8990 | Abyss:1  | Killed a wretched star
  9003 | Abyss:1  | Reached XP level 11. HP: 71/71 MP: 11/11
  9028 | D:9      | Escaped the Abyss
  9028 | D:9      | Slain by a troll

Illustrated notes

Levels and vault maps discovered:
D:1:      minmay_arrival_five_plusses, layout_basic, serial_shops, shop,
          shapermc_ecumenical_altar_totnotflames, st_stairs_11,
          supply_closet_lemuel, hex_tiny, chequers_decorated_corner,
          minmay_indecisive_spiral
D:2:      layout_rooms
D:3:      layout_basic, cheibriados_altar_1, amcnicky_altar_gilded
D:4:      layout_loops_ring, nzn_wu_jian_council_hall, minmay_goblin_outpost,
          uniq_crazy_yiuf_cottage
D:5:      layout_gridville
D:6:      layout_cave_pools, minmay_unpleasant_kobolds, uniq_blork_the_orc
D:7:      layout_basic, vehumet_statue, temple_fountains, serial_shops,
          nicolae_shop_waterfront, uniq_harold, uniq_maggie
D:8:      layout_loops_cross, lemuel_doored_altar, mainiacjoe_overflow_chevrons,
          uniq_grum, uniq_pikel, uniq_psyche, uniq_joseph
D:9:      layout_big_octagon, kennysheep_mini, grunt_gozag_breadcrumbs,
          okawaru_humans, grunt_lair_entry_orc_guard_hut, orc_0_dummy,
          uniq_erolcha
Temple:   minmay_temple_curvy_loop

Skill      XL: |  1  2  3  4  5  6  7  8  9 10 |
---------------+-------------------------------+-----
Short Blades   | 3 4 5 |  5.5
Stealth        | 6 8 |  8.5
Fighting       | 3 4 5 |  5.0
Throwing       | 3 4 5 |  5.8
Maces & Flails | 4 8 11 12 | 12.0
Dodging        | 4 |  4.3

Action                   |  1- 3 |  4- 6 |  7- 9 | 10-12 || total
-------------------------+-------+-------+-------+-------++-------
Melee: Dagger            |    37 |    33 |       |       ||    70
       Constrict         |     5 |    18 |    20 |    22 ||    65
       Tentacles         |     2 |    22 |    41 |    38 ||   103
       Whip              |       |    65 |   120 |   109 ||   294
Throw: Dart              |       |    36 |    17 |    34 ||    87
       Boomerang         |       |     1 |     6 |     9 ||    16
       Stone             |       |       |     2 |       ||     2
  Use: Scroll            |       |     6 |     5 |     2 ||    13
       Potion            |       |       |       |     3 ||     3
 Stab: Sleeping          |    17 |     9 |     8 |     9 ||    43
       Distracted        |       |       |     3 |       ||     3
Armor: Skin              |     1 |    10 |    14 |     4 ||    29
Dodge: Dodged            |     6 |    44 |    41 |    33 ||   124
